 Dungeon Crawl Stone Soup version 0.26-a0-415-g2a9615731a (webtiles) character file.

Game seed: 10031018399402514198

21439 ReteAZ the Tainter (level 12, -11/107 HPs)
             Began as an Ogre Venom Mage on July 25, 2020.
             Was a Priest of Vehumet.
             Mangled by a six-headed hydra (18 damage)
             ... on level 2 of the Lair of Beasts.
             The game lasted 01:07:01 (28747 turns).

ReteAZ the Tainter (Ogre Venom Mage)               Turns: 28747, Time: 01:07:02

Health: -11/107    AC:  5    Str: 21    XL:     12   Next: 90%
Magic:  16/33      EV: 10    Int: 20    God:    Vehumet [***...]
Gold:   1084       SH:  0    Dex:  9    Spells: 14/27 levels left

rFire    . . .     SeeInvis +   O - +2 short sword "Nitiygeguh" {vorpal, rElec MP+9}
rCold    . . .     Faith    .   (no shield)
rNeg     . . .     Spirit   .   G - +2 robe
rPois    .         Reflect  .   (helmet restricted)
rElec    +         Harm     .   (no cloak)
rCorr    .                      (gloves unavailable)
MR       +....                  (boots unavailable)
Stlth    +.........             (no amulet)
HPRegen  0.27/turn              p - ring of see invisible
MPRegen  0.23/turn              J - +6 ring of strength

@: radiating poison
A: large, unfitting armour, tough skin 1
a: Renounce Religion


You were on level 2 of the Lair of Beasts.
You worshipped Vehumet.
Vehumet was most pleased with you.
You visited 3 branches of the dungeon, and saw 16 of its levels.
You also visited: Sewer and Ossuary.

You collected 1084 gold pieces.

Inventory:

Hand Weapons
 s - a +2 demon blade of draining
 B - a +2 scythe of flaming
 F - a +1 whip of electrocution
 O - the +2 short sword "Nitiygeguh" (weapon) {vorpal, rElec MP+9}
   (You took it off an orc on level 12 of the Dungeon)

   It inflicts extra damage upon your enemies.
   It insulates you from electricity.
   It affects your magic capacity (+9).
Missiles
 i - 448 stones
 n - 6 silver javelins (quivered)
 N - 2 throwing nets
 S - 20 javelins
 U - 6 curare-tipped darts
Armour
 a - a +0 robe
 G - a +2 robe (worn)
 P - a +1 troll leather armour
Magical Staves
 r - an uncursed staff of energy
Jewellery
 b - an uncursed amulet of guardian spirit {unknown}
 p - a ring of see invisible (left hand)
 I - an uncursed amulet of reflection {unknown}
 J - a +6 ring of strength (right hand)
Wands
 u - a wand of flame (27)
 L - a wand of digging (4)
 M - a wand of random effects (12)
 R - a wand of polymorph (9)
 T - a wand of iceblast (10)
Scrolls
 c - 11 scrolls of fog
 g - 4 scrolls of identify
 h - 13 scrolls of teleportation
 j - 9 scrolls of remove curse
 m - 3 scrolls of enchant armour
 o - a scroll of torment {unknown}
 q - 7 scrolls of amnesia
 w - 5 scrolls of enchant weapon
 y - 6 scrolls of magic mapping
 A - 2 scrolls of fear
 C - 2 scrolls of blinking
 K - a scroll of silence {unknown}
Potions
 d - 6 potions of degeneration
 e - 6 potions of curing
 f - 4 potions of flight
 k - 6 potions of heal wounds
 l - 3 potions of mutation
 t - 2 potions of lignification {unknown}
 v - a potion of stabbing {unknown}
 x - 3 potions of haste
 z - 5 potions of might
 D - 2 potions of magic {unknown}
 E - a potion of brilliance {unknown}
 H - a potion of resistance {unknown}
 Q - 2 potions of ambrosia {unknown}


   Skills:
 + Level 4.0 Fighting
 + Level 3.3 Dodging
 - Level 1.4 Stealth
 - Level 8.0 Spellcasting
 - Level 10.0 Conjurations
 - Level 2.0 Transmutations
 - Level 6.1 Fire Magic
 - Level 6.1 Air Magic
 - Level 12.0 Poison Magic


You had 14 spell levels left.
You knew the following spells:

 Your Spells              Type           Power        Failure   Level
a - Sting                 Tmut/Pois      ####         1%          1
b - Mephitic Cloud        Conj/Pois/Air  #####...     1%          3
c - Ignite Poison         Fire/Tmut/Pois ####....     1%          3
d - Olgreb's Toxic Radia  Pois           ######..     1%          4
e - Poisonous Vapours     Pois/Air       #####.       1%          2

Your spell library contained the following spells:

 Spells                   Type           Power        Failure   Level
 Inner Flame              Hex/Fire       ###.....     1%          3
 Freeze                   Ice            #...         2%          1
 Hailstorm                Conj/Ice       ####....     3%          4
 Frozen Ramparts          Ice            #.....       7%          3
 Animate Skeleton         Necr           #.....       9%          1
 Apportation              Tloc           #.....       9%          1
 Corona                   Hex            #......      9%          1
 Summon Small Mammal      Summ           #...         9%          1
 Confusing Touch          Hex            #.......     26%         3
 Gell's Gravitas          Tloc           #.........   26%         3
 Ozocubu's Armour         Ice            #.......     26%         3
 Yara's Violent Unravell  Hex/Tmut       ##........   36%         5
 Petrify                  Tmut/Erth      ##......     50%         4
 Summon Ice Beast         Ice/Summ       #.......     63%         4
 Metabolic Englaciation   Hex/Ice        #.........   93%         5


Dungeon Overview and Level Annotations

Branches:
Dungeon (13/15)            Temple (1/1) D:6            Lair (2/6) D:11
  Swamp (0/4) Lair:2          Orc (0/2) D:10          Sewer (visited)
Ossuary (visited)
  Snake: Lair:2-4    Spider: Lair:2-4    Vaults: D:13-14

Altars:
Ashenzari
Cheibriados
Dithmenos
Elyvilon
Fedhas
Gozag
Hepliaklqana
Kikubaaqudgha
Makhleb
Nemelex Xobeh
Okawaru
Qazlal
Ru
Sif Muna
Trog
Uskayaw
Vehumet
Wu Jian
Xom
Yredelemnul
Zin
The Shining One

Shops:
D:5 *   D:9 (   D:13 (

Annotations:
D:12 3 runed translucent doors, Monio's ghost, journeyman GrEE
Lair:1 Hedoog's ghost, novice GnBr


Innate Abilities, Weirdness & Mutations

You are too large for most types of armour.
You have tough skin. (AC +1)


Message History

The six-headed hydra closely misses you.
The six-headed hydra bites you!
The six-headed hydra bites you but does no damage.
The water moccasin is engulfed in blazing flames.
The water moccasin bites you but does no damage.
You see here an iguana corpse.
Casting: Olgreb's Toxic Radiance (safe; 1% risk of failure)
Confirm with . or Enter, or press ? or * to list all spells.
Your toxic radiance grows in intensity.
The crocodile looks even sicker.
The fungus is engulfed in blazing flames.
You destroy the fungus!
The six-headed hydra is engulfed in blazing flames.
The six-headed hydra bites you. The six-headed hydra bites you! x2
* * * LOW HITPOINT WARNING * * *
The six-headed hydra bites you!
* * * LOW HITPOINT WARNING * * *
The six-headed hydra bites you!
* * * LOW HITPOINT WARNING * * *
The six-headed hydra bites you!!
You die...

#.§§§ ##§§§§ #...§ ####
## #.#..§ ##..# P######
#.#.##..# #P.## ...##.#
#...#..#####..#
###...####......t§○#..##
#
#....##P..#?##DS○..#.###
###P...#....# #@....##..#
##.P....#..# ##......#.##
...........# ##........##
...†.....†####.........##
#.##..##....###.........#
.#....##PP..............#
##...####.............P.#
....## #...........)...##
#.### ##..........#..#.#


You could see a six-headed hydra, a water moccasin and a crocodile (very
poisoned).

Vanquished Creatures
  A hydra (D:11)
  3 two-headed ogres
  Sonja (Lair:2)
  Pikel (D:6)
  2 ugly things
  A cyclops (D:11)
  A manticore (D:13)
  A gargoyle (D:12)
  A torpor snail (Lair:2)
  2 cane toads (Lair:1)
  4 komodo dragons
  2 trolls
  A polar bear (Lair:2)
  3 hippogriffs
  A meliai zombie (D:11)
  Sigmund (D:6)
  2 vampires (D:10)
  2 wraiths
  18 yaks
  A human (D:6)
  A basilisk (Lair:2)
  A wyvern (D:10)
  Menkaure (D:5)
  A soldier ant (D:12)
  An acid dragon (D:11)
  Edmund (D:5)
  2 water moccasins (Lair:2)
  4 porcupines
  5 ice beasts
  5 orc warriors
  4 sky beasts
  A black bear (D:10)
  5 phantoms
  2 eyes of draining
  2 necrophages
  3 ogres
  3 centaurs
  4 lemures (D:6)
  8 crocodiles
  Blork the orc (D:6)
  2 big kobolds
  11 bullfrogs
  A gnoll sergeant (D:7)
  13 scorpions
  5 killer bees (D:10)
  8 wights
  2 electric eels (D:11)
  2 centaur zombies (Ossuary)
  2 bullfrog zombies
  2 centaur skeletons
  9 jellies
  4 hounds
  10 orc wizards
  5 human zombies (Ossuary)
  12 orc priests
  2 bullfrog skeletons
  A human skeleton (D:6)
  6 iguanas
  7 worker ants
  A killer bee zombie (D:5)
  3 big kobold zombies (Ossuary)
  A hound zombie (D:10)
  2 hound skeletons
  3 mummies (Ossuary)
  2 worker ant zombies
  29 adders
  6 gnolls (D:7)
  2 scorpion zombies (Ossuary)
  7 river rats (Sewer)
  A shadow imp (D:9)
  6 white imps
  A worker ant simulacrum (D:11)
  3 ufetubi
  An ooze (Sewer)
  2 adder skeletons
  2 adder zombies
  2 worms
  2 dart slugs (D:2)
  6 leopard geckos
  56 orcs
  9 ball pythons
  7 bats
  7 giant cockroaches
  2 goblins (D:2)
  8 hobgoblins
  8 jackals
  6 quokkas
  12 frilled lizards
  2 gnoll zombies (Ossuary)
  A goblin zombie (Ossuary)
  A hobgoblin zombie (Ossuary)
  13 kobolds
  A kobold zombie (Ossuary)
  A leopard gecko skeleton (D:4)
  An orc zombie (Ossuary)
  2 quokka skeletons
  27 rats
  A fungus (Lair:2)
455 creatures vanquished.

Vanquished Creatures (others)
  A kobold zombie (Ossuary)
  3 fungi (Lair:1)
4 creatures vanquished.

Grand Total: 459 creatures vanquished

Notes
Turn   | Place    | Note
-------+----------+-------------------------------------------
     0 | D:1      | ReteAZ the Ogre Venom Mage began the quest for the Orb.
     0 | D:1      | Reached XP level 1. HP: 16/16 MP: 3/3
   118 | D:1      | Reached skill level 1 in Transmutations
   619 | D:1      | Reached XP level 2. HP: 24/24 MP: 3/5
  1229 | D:2      | Reached skill level 3 in Poison Magic
  1584 | D:2      | Reached XP level 3. HP: 13/31 MP: 3/7
  1960 | D:2      | Found a sacrificial altar of Ru.
  2705 | D:2      | Reached XP level 4. HP: 16/39 MP: 5/10
  2902 | D:2      | Learned a level 3 spell: Mephitic Cloud
  3259 | D:2      | Reached XP level 5. HP: 9/45 MP: 1/11
  3636 | D:2      | Reached skill level 1 in Conjurations
  3636 | D:2      | Reached skill level 1 in Air Magic
  4641 | D:3      | Learned a level 3 spell: Ignite Poison
  4663 | D:3      | Reached skill level 5 in Spellcasting
  4663 | D:3      | Reached XP level 6. HP: 53/53 MP: 6/13
  5718 | D:4      | Noticed a phantom
  5724 | D:3      | Reached skill level 1 in Fire Magic
  5807 | D:4      | Reached skill level 4 in Poison Magic
  5879 | D:4      | Reached XP level 7. HP: 56/59 MP: 10/14
  6702 | D:4      | Reached skill level 5 in Poison Magic
  6737 | D:4      | Learned a level 4 spell: Olgreb's Toxic Radiance
  7197 | D:4      | Reached skill level 6 in Poison Magic
  7748 | D:5      | Entered Level 5 of the Dungeon
  7751 | D:5      | Reached XP level 8. HP: 67/67 MP: 10/15
  7814 | D:5      | Found Zoixeneu's Assorted Antiques.
  7835 | D:5      | Noticed Edmund
  7840 | D:5      | Killed Edmund
  8180 | D:5      | Found a sand-covered staircase.
  8191 | Ossuary  | Entered an ossuary
  8492 | Ossuary  | Reached skill level 7 in Poison Magic
  9370 | Ossuary  | Reached skill level 8 in Poison Magic
  9704 | Ossuary  | Reached XP level 9. HP: 69/74 MP: 2/16
  9810 | Ossuary  | Reached skill level 9 in Poison Magic
 10406 | D:5      | Noticed Menkaure
 10413 | D:5      | Killed Menkaure
 10585 | D:5      | Learned a level 2 spell: Poisonous Vapours
 11603 | D:6      | Noticed Sigmund
 11615 | D:6      | Killed Sigmund
 11615 | D:6      | Reached skill level 10 in Poison Magic
 11703 | D:6      | Found a glowing drain.
 11885 | Sewer    | Entered a sewer
 12795 | D:6      | Found a stormy altar of Qazlal.
 12800 | D:6      | Found an iron altar of Okawaru.
 12801 | D:6      | Found a glowing golden altar of the Shining One.
 12802 | D:6      | Found a blossoming altar of Fedhas.
 12804 | D:6      | Found a hide-covered altar of Uskayaw.
 13021 | D:6      | Noticed Pikel
 13054 | D:6      | Noticed Blork the orc
 13059 | D:6      | Killed Blork the orc
 13252 | D:6      | Found a runed translucent door.
 13256 | D:6      | Found a basalt altar of Yredelemnul.
 13272 | D:6      | Killed Pikel
 13272 | D:6      | Reached XP level 10. HP: 71/81 MP: 2/17
 13398 | D:6      | Reached skill level 5 in Fire Magic
 13401 | D:6      | Reached skill level 5 in Air Magic
 13687 | D:6      | Found a staircase to the Ecumenical Temple.
 15557 | D:8      | Noticed a two-headed ogre
 15565 | D:8      | Killed a two-headed ogre
 15786 | D:8      | Noticed a two-headed ogre
 15792 | D:8      | Killed a two-headed ogre
 17204 | Temple   | Entered the Ecumenical Temple
 17372 | Temple   | Became a worshipper of Vehumet
 17790 | D:9      | Reached XP level 11. HP: 67/88 MP: 0/21
 17927 | D:9      | Found Nuacroorgh's Antique Weapon Shop.
 18126 | D:9      | Noticed a red ugly thing
 18144 | D:9      | Killed a red ugly thing
 19007 | D:10     | Entered Level 10 of the Dungeon
 19148 | D:10     | Reached skill level 11 in Poison Magic
 19179 | D:10     | Found a staircase to the Orcish Mines.
 19958 | D:10     | Reached * piety under Vehumet
 19958 | D:10     | Offered knowledge of Foxfire by Vehumet.
 21159 | D:11     | Noticed a four-headed hydra
 21166 | D:11     | Killed a four-headed hydra
 21166 | D:11     | Reached skill level 12 in Poison Magic
 21343 | D:11     | Identified the +12 chain mail of the Demon Prince {-Tele
                  | rF+ rC++ Str+4}
 21347 | D:11     | Noticed a cyclops
 21351 | D:11     | Killed a cyclops
 21534 | D:11     | Reached ** piety under Vehumet
 21599 | D:11     | Offered knowledge of Searing Ray by Vehumet.
 21600 | D:11     | Reached skill level 5 in Conjurations
 22004 | D:11     | Noticed a white ugly thing
 22024 | D:11     | HP: 1/88 [komodo dragon (26)]
 22167 | D:11     | Killed a white ugly thing
 22167 | D:11     | Reached XP level 12. HP: 26/96 MP: 18/24
 22527 | D:11     | Identified the +1 leather armour of Qinynuo {rElec Str-4
                  | Dex+9 Slay+5}
 22681 | D:11     | Found a staircase to the Lair.
 23162 | D:12     | Found a runed translucent gate.
 23163 | D:12     | Found a runed translucent gate.
 23168 | D:12     | Offered knowledge of Static Discharge by Vehumet.
 23212 | D:12     | Found a runed translucent gate.
 23450 | D:12     | Identified the +2 short sword "Nitiygeguh" {vorpal, rElec
                  | MP+9}
 23485 | D:12     | Reached *** piety under Vehumet
 24333 | D:12     | Noticed Monio's ghost (journeyman GrEE)
 24334 | D:12     | Noticed an ice dragon
 24700 | D:13     | HP: 4/96 [acid (8)]
 25282 | D:13     | Found Qoat's Antique Weapon Emporium.
 25383 | D:13     | Noticed a two-headed ogre
 25401 | D:13     | Killed a two-headed ogre
 26174 | Lair:1   | Entered Level 1 of the Lair of Beasts
 26196 | Lair:1   | Offered knowledge of Inner Flame by Vehumet.
 27032 | Lair:1   | Found a runed translucent door.
 27043 | Lair:1   | Noticed Hedoog's ghost (novice GnBr)
 27333 | Lair:2   | Noticed Sonja
 27338 | Lair:2   | Killed Sonja
 27338 | Lair:2   | Reached skill level 10 in Conjurations
 27647 | Lair:2   | Reached skill level 1 in Fighting
 27675 | Lair:2   | HP: 2/101 [crocodile (6)]
 28739 | Lair:2   | Noticed a six-headed hydra
 28741 | Lair:2   | Found a staircase to the Swamp.
 28747 | Lair:2   | Mangled by a six-headed hydra

Illustrated notes

Levels and vault maps discovered:
D:1:      lemuel_arrival_behind_the_door_small, layout_basic
D:2:      layout_basic, old_standard_altar, minmay_pentomino_u2
D:3:      layout_rooms
D:4:      layout_basic
D:5:      layout_basic, serial_shops, nicolae_shop_stone,
          lightli_ossuary_entry_decrepit_ruins, st_stairs_13, uniq_menkaure,
          uniq_edmund
D:6:      layout_basic, minitemple, minmay_temple_entry_poolview,
          gup_sewer_entry_glass, dk_yredelemnul_ordeal, uniq_sigmund,
          uniq_blork_the_orc, uniq_pikel
D:7:      layout_basic
D:8:      layout_loops_ring, lightli_orcish_oven
D:9:      layout_stronghold, serial_shops, shop
D:10:     layout_grid_maze, orc_0_dummy
D:11:     layout_rooms, erik_lair_dragon, serial_ice, serial_ice_g,
          serial_ice_c, serial_ice_f, serial_ice_l
D:12:     layout_big_octagon, gammafunk_ghost_icy,
          chequers_serial_rivers_large_b, minmay_holes
D:13:     layout_long_grid, serial_shops, nicolae_shop_behind_doors
Temple:   eino_temple_scatter_basement
Lair:1:   layout_long_grid, ebering_ghost_reflecting_pool
Lair:2:   layout_layer_cave, minmay_swamp_entry_reptiles,
          spider_nest_entry_funnel_web, lemuel_fruit_tree, uniq_sonja

Skill      XL: |  1  2  3  4  5  6  7  8  9 10 11 12 |
---------------+-------------------------------------+-----
Transmutations | 1 2 |  2.0
Poison Magic   | 3 4 6 8 10 12 | 12.0
Spellcasting   | 3 4 5 7 8 |  8.0
Conjurations   | 1 2 6 10 | 10.0
Air Magic      | 1 2 4 6 |  6.1
Fire Magic     | 1 2 4 6 |  6.1
Fighting       | 4 |  4.0
Dodging        | 3 |  3.3
Stealth        | |  1.4

Action                   |  1- 3 |  4- 6 |  7- 9 | 10-12 || total
-------------------------+-------+-------+-------+-------++-------
Melee: Dagger            |    81 |     7 |       |       ||    88
       Short sword       |       |    57 |    47 |    74 ||   178
       Staff             |       |    11 |    15 |       ||    26
       Flail             |       |       |    84 |       ||    84
       Scythe            |       |       |    20 |    45 ||    65
       Demon blade       |       |       |       |   157 ||   157
       Whip              |       |       |       |     1 ||     1
Throw: Javelin           |       |       |       |     1 ||     1
 Cast: Sting             |    40 |    97 |    74 |     2 ||   213
       Mephitic Cloud    |       |     3 |    52 |    58 ||   113
       Ignite Poison     |       |     3 |    44 |    72 ||   119
       Olgreb's Toxic Ra |       |       |    33 |    81 ||   114
       Poisonous Vapours |       |       |     5 |   135 ||   140
Evoke: Staff of energy   |       |     1 |     2 |       ||     3
       Wand              |       |       |       |     4 ||     4
  Use: Potion            |       |     2 |     1 |     5 ||     8
       Scroll            |       |       |     7 |    13 ||    20
 Stab: Sleeping          |     2 |       |       |     1 ||     3
       Confused          |       |       |       |     2 ||     2
Armor: Robe              |    46 |    35 |    45 |   120 ||   246
Dodge: Dodged            |    79 |   124 |   157 |   227 ||   587
       Rpst.: Demon blade |       |       |       |    23 ||    23

Table legend: (Time is in decaauts)
 A = Elapsed time spent in this place.
 B = Non-inter-level travel time spent in this place.
 C = Inter-level travel time spent in this place.
 D = Time resting spent in this place.
 E = Time spent auto-exploring this place.
 F = Levels seen in this place.
 G = Mean time per level.
                   A        B        C        D        E       F      G
               +--------+--------+--------+--------+--------+-----+--------+
         Total |  29015 |  28218 |    797 |  12842 |  10851 |  18 | 1611.9 |
       Dungeon |  23681 |  22914 |    767 |   9883 |   9497 |  13 | 1821.6 |
        Temple |    181 |    152 |     29 |      0 |    150 |   1 |  181.0 |
          Lair |   2573 |   2573 |      0 |   1315 |    942 |   2 | 1286.5 |
         Sewer |    789 |    789 |      0 |    441 |    160 |   1 |  789.0 |
       Ossuary |   1789 |   1789 |      0 |   1203 |    102 |   1 | 1789.0 |
               +--------+--------+--------+--------+--------+-----+--------+

Top non-repeatable levels by time:
     D:2: 2878 daAuts
    D:11: 2410 daAuts
     D:4: 2388 daAuts
     D:3: 1872 daAuts
    D:10: 1790 daAuts
 Ossuary: 1789 daAuts
     D:6: 1763 daAuts
    D:12: 1741 daAuts
     D:7: 1708 daAuts
  Lair:2: 1595 daAuts
     D:9: 1578 daAuts
     D:8: 1550 daAuts
     D:5: 1484 daAuts
    D:13: 1293 daAuts
     D:1: 1219 daAuts
